 Dungeon Crawl Stone Soup version 0.28.0-61-g67df4f89a8 (webtiles) character file.

Game seed: 13455037460802866839

17 JesusIsBased the Skirmisher (level 2, -2/27 HPs)
             Began as a Hill Orc Fighter on Feb 14, 2023.
             Slain by an orc
             ... wielding a +0 flail
              (3 damage)
             ... on level 4 of the Dungeon.
             The game lasted 00:06:05 (635 turns).

JesusIsBased the Skirmisher (Hill Orc Fighter)       Turns: 635, Time: 00:06:06

Health: -2/27      AC:  6    Str: 18    XL:     2   Next: 62%
Magic:  2/2        EV:  9    Int:  8    God:
Gold:   56         SH:  4    Dex: 10    Spells: 1/1 levels left

rFire   . . .      SeeInvis .   a - +0 trident
rCold   . . .      Faith    .   c - +0 buckler
rNeg    . . .      Spirit   .   b - +0 scale mail
rPois   .          Reflect  .   (no helmet)
rElec   .          Harm     .   (no cloak)
rCorr   .          Rampage  .   (no gloves)
Will    .....                   (no boots)
Stlth   ..........              (no amulet)
HPRegen 0.09/turn               (no ring)
MPRegen 0.08/turn               (no ring)

@: no status effects
A: no striking features
a: no special abilities


You were on level 4 of the Dungeon.
You visited 1 branch of the dungeon, and saw 4 of its levels.

You collected 56 gold pieces.

Inventory:

Hand Weapons
 a - a +0 trident (weapon)
Armour
 b - a +0 scale mail (worn)
 c - a +0 buckler (worn)
Jewellery
 k - an amulet of magic regeneration
Scrolls
 e - 2 scrolls of holy word {unknown}
 f - a scroll of vulnerability {unknown}
 h - 2 scrolls of identify {unknown}
 i - a scroll of teleportation {unknown}
 j - a scroll of blinking {unknown}
 n - a scroll of brand weapon {unknown}
Potions
 d - a potion of might
 g - a potion of magic {unknown}
 l - a potion of haste {unknown}
 m - a potion of cancellation {unknown}


   Skills:
 + Level 3.8 Fighting
 + Level 2.6 Polearms
 + Level 3.6 Armour
 + Level 3.4 Shields


You had one spell level left.
You didn't know any spells.
Your spell library contained the following spells:

 Spells                   Type           Power      Damage    Failure   Level
 Summon Guardian Golem    Hex/Summ       0%         N/A       99%         3
 Orb of Destruction       Conj           0%         9d5       100%        7
 Spellforged Servitor     Conj/Summ      0%         N/A       100%        7


Dungeon Overview and Level Annotations

Branches:
Dungeon (4/15)
 Temple: D:4-7

Altars:

Shops:
D:2 ?


Message History

Things that are here:
a +0 short sword; an orc corpse You closely miss the orc.
The orc barely misses you.
You hit the orc.
The orc is almost dead.
The orc closely misses you. You block the orc's attack. x2
The orc hits you but does no damage.
You completely miss the orc.
The orc is almost dead.
You block the orc's attack. The orc closely misses you.
The orc barely misses you.
You hit the orc.
You kill the orc!
You block the orc's attack. x2; The orc hits you with a +0 flail.
The orc closely misses you. The orc hits you but does no damage.
Items here: ( ) [ †.
The orc hits you with a +0 flail.
* * * LOW HITPOINT WARNING * * *
You hit the orc but do no damage. The orc hits you with a +0 short sword.
* * * LOW HITPOINT WARNING * * *
You block the orc's attack.
You hit the orc.
The orc is moderately wounded.
The orc barely misses you. The orc completely misses you.
You barely miss the orc.
The orc is moderately wounded.
The orc closely misses you. x2; The orc hits you but does no damage.
You hit the orc but do no damage.
The orc is moderately wounded.
The orc closely misses you. The orc hits you with a +0 short sword.
* * * LOW HITPOINT WARNING * * *
You hit the orc.
The orc is severely wounded.
The orc hits you with a +0 flail.
* * * LOW HITPOINT WARNING * * *
The orc closely misses you.
You barely miss the orc.
The orc is severely wounded.
The orc hits you with a +0 flail.
You die...

## .. #. #.
##+## #.##.<.##
#.#.....##
.#####........##
........).@o.).#
.....$....(o...+
..####....)....#
##.......##
##.....##
##.>.## ##+##


You could see 2 orcs.

Vanquished Creatures
  A dart slug (D:3)
  2 orcs (D:4)
  An endoplasm (D:1)
  A hobgoblin (D:3)
  3 ball pythons
  2 bats
  A frilled lizard (D:2)
  A goblin (D:3)
  A kobold (D:3)
  2 rats (D:2)
15 creatures vanquished.

Notes
Turn   | Place    | Note
-------+----------+-------------------------------------------
     0 | D:1      | JesusIsBased the Hill Orc Fighter began the quest for the
                  | Orb.
     0 | D:1      | Reached XP level 1. HP: 19/19 MP: 1/1
   192 | D:2      | Found Quschur's Magic Scroll Boutique.
   303 | D:3      | Reached XP level 2. HP: 24/27 MP: 2/2
   634 | D:4      | HP: 1/27 [orc/+0 flail (3)]
   635 | D:4      | Slain by an orc

Illustrated notes

Levels and vault maps discovered:
D:1:      lightli_arrival_boilingwater, layout_loops_cross
D:2:      layout_basic, serial_shops, nicolae_shop_crystal,
          kennysheep_jessica_study
D:3:      layout_loops_ring, hellmonk_ecumenical_altar_pennies_from_heaven,
          kennysheep_potato
D:4:      layout_loops_corners

Action                   || total
-------------------------++-------
Melee: Trident           ||    44
Armor: Scale mail        ||    22
Dodge: Dodged            ||    27
Block: Buckler           ||    13
